 Dungeon Crawl Stone Soup version 0.28-a0-1404-g4df0f3684d (webtiles) character file.

Game seed: 1605053275971376117

473 lonewolfV2 the Chopper (level 6, 0/48 HPs)
             Began as a Demonspawn Berserker on Jan 5, 2022.
             Was a Priest of Trog.
             Killed by nerve-wracking pain
             ... invoked by an orc priest
              (12 damage)
             ... on level 5 of the Dungeon.
             The game lasted 00:05:30 (4650 turns).

lonewolfV2 the Chopper (Demonspawn Berserker)       Turns: 4650, Time: 00:05:31

Health: 0/48       AC:  3    Str: 20    XL:     6   Next: 84%
Magic:  6/6        EV: 14    Int:  8    God:    Trog [***...]
Gold:   185        SH:  6    Dex: 12    Spells: 5/5 levels left

rFire   . . .      SeeInvis .   i - +2 flail (venom)
rCold   . . .      Faith    .   p - +0 kite shield
rNeg    . . .      Spirit   .   b - +1 animal skin
rPois   .          Reflect  .   (no helmet)
rElec   .          Harm     .   (no cloak)
rCorr   .          Rampage  .   (no gloves)
Will    .....                   (no boots)
Stlth   ++........              (no amulet)
HPRegen 0.16/turn               j - +4 ring of evasion
MPRegen 0.10/turn               (no ring)

@: no status effects
A: spiny 1, demonic magic 1
a: Renounce Religion, Berserk, Trog's Hand


You were on level 5 of the Dungeon.
You worshipped Trog.
Trog was most pleased with you.
You visited 1 branch of the dungeon, and saw 5 of its levels.

You collected 185 gold pieces.

Inventory:

Hand Weapons
 a - a +0 hand axe
 i - a +2 flail of venom (weapon)
Armour
 b - a +1 animal skin (worn)
 p - a +0 kite shield (worn)
Jewellery
 j - a +4 ring of evasion (left hand)
 n - a ring of fire
Wands
 d - a wand of flame (12) (quivered)
Scrolls
 e - a scroll of silence {unknown}
 k - a scroll of teleportation
 q - a scroll of noise
 r - a scroll of enchant armour
Potions
 c - a potion of flight
 g - a potion of lignification {unknown}
 h - a potion of degeneration {unknown}
 l - 2 potions of might {unknown}
 m - a potion of magic {unknown}


   Skills:
 + Level 4.1 Fighting
 + Level 4.5(5.0) Axes
 + Level 3.1(4.3) Maces & Flails
 + Level 1.9 Armour
 + Level 3.0 Dodging
 + Level 1.6 Stealth
 + Level 0.1 Evocations


You had 5 spell levels left.
You didn't know any spells.
Your spell library was empty.

Dungeon Overview and Level Annotations

Branches:
Dungeon (5/15)
 Temple: D:4-7

Altars:


Innate Abilities, Weirdness & Mutations

You are partially covered in sharp spines.
Spells you cast may paralyse adjacent enemies.


Message History

You block the orc's attack.
The orc priest looks satisfied for a moment.
The orc hits you with a +0 short sword.
You barely miss the orc priest.
The orc priest is heavily wounded.
The orc priest hits you with a +0 mace. You block the orc's attack.
You sock the orc priest!
You kill the orc priest!
Trog accepts your kill. The orc hits you with a +0 short sword.
The orc barely misses you.
You see here a +0 mace.
You barely miss the orc. The orc hits you with a +0 short sword.
You block the orc's attack.
You barely miss the orc.
The orc priest shouts!
The orc hits you with a +0 short sword.
You sock the orc!
You kill the orc!
Trog accepts your kill.
Things that are here:
a +0 short sword; an orc corpse
Things that are here:
a +0 short sword; an orc corpse The orc priest hits you with a +0 trident!
* * * LOW HITPOINT WARNING * * *
You hit the orc priest but do no damage.
The orc priest is poisoned.
The orc priest is struck by your spines.
The orc priest closely misses you.
The orc priest is struck by your spines.
The orc priest closely misses you.
You completely miss the orc priest.
The orc priest is heavily wounded.
The orc priest looks braver for a moment.
You hit the orc priest but do no damage.
The orc priest is heavily wounded.
The orc priest mumbles some strange prayers to Beogh against you.
Pain shoots through your body!
You die...

#.......# #.......#
#...# #.......# #...#
#.......# ...###+
#.......# ###.....
#.......# #.#.....
#....o..# #≈###.#.....
#....@..# #≈≈##.#.....
#...))..###≈≈#..#.....
#........##≈≈#..#.....
#........#≈≈≈#.'#.....
######...#≈≈≈#.......#
#..≈≈≈≈≈#.......#
#....)≈≈≈.......+
#...≈≈≈≈≈.......#
#....≈≈≈...<....#


You could see an orc priest (very poisoned).

Vanquished Creatures
  3 killer bees (D:5)
  A bullfrog zombie (D:5)
  A centaur zombie (D:5)
  2 hounds
  An orc priest (D:5)
  A bullfrog skeleton (D:5)
  An orc wizard (D:4)
  4 adders
  An ufetubus (D:5)
  2 worms
  5 dart slugs
  12 orcs
  5 endoplasms
  3 giant cockroaches
  3 goblins
  8 hobgoblins
  4 jackals (D:2)
  4 quokkas
  7 ball pythons
  A bat (D:3)
  3 frilled lizards
  2 kobolds (D:1)
  4 rats
78 creatures vanquished.

Vanquished Creatures (others)
  11 plants (D:5)
11 creatures vanquished.

Grand Total: 89 creatures vanquished

Notes
Turn   | Place    | Note
-------+----------+-------------------------------------------
     0 | D:1      | lonewolfV2 the Demonspawn Berserker began the quest for the
                  | Orb.
     0 | D:1      | Reached XP level 1. HP: 18/18 MP: 1/1
   481 | D:1      | Gained mutation: Spells you cast may paralyse adjacent
                  | enemies. [demonic ancestry]
   481 | D:1      | Reached XP level 2. HP: 22/24 MP: 2/2
  1471 | D:2      | Reached ** piety under Trog
  1472 | D:2      | Gained mutation: You are partially covered in sharp spines.
                  | [demonic ancestry]
  1472 | D:2      | Reached XP level 3. HP: 12/29 MP: 3/3
  2736 | D:3      | Reached XP level 4. HP: 33/35 MP: 4/4
  3321 | D:4      | Reached skill level 1 in Stealth
  3321 | D:4      | Reached XP level 5. HP: 29/41 MP: 5/5
  3744 | D:5      | Entered Level 5 of the Dungeon
  3773 | D:5      | Reached skill level 1 in Maces & Flails
  3912 | D:5      | Reached XP level 6. HP: 42/48 MP: 6/6
  3917 | D:5      | Reached *** piety under Trog
  4259 | D:5      | Noticed an orc warrior
  4309 | D:5      | HP: 1/48 [orc priest/divine providence (13)]
  4650 | D:5      | Killed from afar by an orc priest

Illustrated notes

Levels and vault maps discovered:
D:1:      lightli_arrival_noodles, layout_basic
D:2:      layout_basic, grunt_ministairs_14, interstate_on_off,
          kennysheep_doodads, minmay_tetromino_l2
D:3:      layout_basic, due_unseen_surprise
D:4:      layout_cave_pools
D:5:      layout_gridville, vehumet_crystals, minivault_4, chequers_big_river,
          kennysheep_potato

Skill      XL: |  1  2  3  4  5  6 |
---------------+-------------------+-----
Axes           | 3 4 |  4.5
Dodging        | 2 3 |  3.0
Stealth        | 1 |  1.6
Maces & Flails | 1 3 |  3.1
Fighting       | 4 |  4.1
Armour         | |  1.9
Evocations     | |  0.1

Action                   |  1- 3 |  4- 6 || total
-------------------------+-------+-------++-------
Melee: Hand axe          |    77 |       ||    77
       Flail             |     7 |    57 ||    64
       Punch             |       |     1 ||     1
Evoke: Wand              |       |     4 ||     4
  Use: Scroll            |     3 |     5 ||     8
       Potion            |       |     2 ||     2
 Stab: Sleeping          |     1 |       ||     1
Armor: Animal skin       |    13 |    10 ||    23
Dodge: Dodged            |    73 |    61 ||   134
Block: Kite shield       |       |     7 ||     7

Table legend: (Time is in decaauts)
 A = Elapsed time spent in this place.
 B = Non-inter-level travel time spent in this place.
 C = Inter-level travel time spent in this place.
 D = Time resting spent in this place.
 E = Time spent auto-exploring this place.
 F = Levels seen in this place.
 G = Mean time per level.
                   A        B        C        D        E       F      G
               +--------+--------+--------+--------+--------+-----+--------+
         Total |   4682 |   4604 |     78 |    285 |   3566 |   5 |  936.4 |
       Dungeon |   4682 |   4604 |     78 |    285 |   3566 |   5 |  936.4 |
               +--------+--------+--------+--------+--------+-----+--------+

Top non-repeatable levels by time:
     D:1: 1459 daAuts
     D:5: 920 daAuts
     D:3: 910 daAuts
     D:2: 888 daAuts
     D:4: 502 daAuts
